 Dungeon Crawl Stone Soup version 0.21.1-1-g345015f (webtiles) character file.

64 letownia3 the Conjurer (level 3, -1/25 HPs)
             Began as a Demonspawn Wizard on Feb 5, 2018.
             Slain by a phantom (6 damage)
             ... on level 4 of the Dungeon.
             The game lasted 00:02:29 (1501 turns).

letownia3 the Conjurer (Demonspawn Wizard)          Turns: 1501, Time: 00:02:29

Health: -1/25      AC:  4    Str:  8    XL:     3   Next: 91%
Magic:  5/7        EV: 17    Int: 19    God:
Gold:   36         SH:  0    Dex: 16    Spells: 1/8 levels left

rFire    . . .     SeeInvis .   f - +2 short sword (elec)
rCold    . . .     Gourm    .   (no shield)
rNeg     . . .     Faith    .   a - +0 robe
rPois    .         Spirit   .   b - +0 hat
rElec    .         Reflect  .   (no cloak)
rCorr    .         Harm     .   (no gloves)
MR       .....                  (no boots)
Stlth    +++.......             (no amulet)
HPRegen  0.08/turn              (no ring)
MPRegen  0.10/turn              (no ring)

@: agile
A: iridescent scales 1, powered by pain 1
a: no special abilities


You were on level 4 of the Dungeon.
You were hungry.

You visited 1 branch of the dungeon, and saw 4 of its levels.

You collected 36 gold pieces.

Inventory:

Hand Weapons
 f - a +2 short sword of electrocution (weapon)
Armour
 a - a +0 robe (worn)
 b - a +0 hat (worn)
 g - a +0 leather armour
Jewellery
 h - a +3 ring of protection {unknown}
Wands
 i - a wand of acid (4)
Scrolls
 e - a scroll of fog {unknown}
 j - 2 scrolls of teleportation {unknown}
 k - a scroll of enchant armour {unknown}
 m - a scroll of remove curse {unknown}
 o - a scroll of amnesia {unknown}
Potions
 l - 2 potions of curing {unknown}
 n - a potion of resistance {unknown}
 p - a potion of heal wounds {unknown}
Books
 c - a book of Minor Magic

   Spells                             Type                      Level
   a - Magic Dart                     Conjuration                  1
   b - Blink                          Translocation                2
   c - Call Imp                       Summoning                    2
   d - Slow                           Hexes                        2
   e - Conjure Flame                  Conjuration/Fire             3
   f - Mephitic Cloud                 Conjuration/Poison/Air       3
Comestibles
 d - 3 rations


   Skills:
 + Level 0.8 Fighting
 - Level 1.7 Dodging
 - Level 1.7 Stealth
 - Level 3.0 Spellcasting
 - Level 3.1 Conjurations
   Level 1.0 Summonings
   Level 0.8 Translocations
 + Level 0.6 Fire Magic
 + Level 0.6 Air Magic
 + Level 0.7 Poison Magic


You had one spell level left.
You knew the following spells:

 Your Spells              Type           Power        Failure   Level  Hunger
a - Magic Dart            Conj           ##..         4%          1    None
c - Conjure Flame         Conj/Fire      ##......     22%         3    ###....
e - Mephitic Cloud        Conj/Pois/Air  #.......     26%         3    ###....


Dungeon Overview and Level Annotations

Branches:
Dungeon (4/15)
 Temple: D:4-7

Altars:
Trog


Innate Abilities, Weirdness & Mutations

You are partially covered in iridescent scales. (AC +2)
You sometimes gain a little power by taking damage.


Message History

The phantom is lightly damaged.
You hit the phantom.
The phantom is lightly damaged.
The phantom blinks!
The phantom hits you.
You hit the phantom.
The phantom is lightly damaged.
The phantom hits you!
The phantom blinks!
You closely miss the phantom.
The phantom is lightly damaged.
The phantom hits you!
* * * LOW HITPOINT WARNING * * *
You focus on the pain.
You feel agile all of a sudden.
You are too injured to fight recklessly!
There is a stone staircase leading up here.
You hit the phantom.
The phantom is moderately damaged.
The phantom hits you.
You die...

#.......#.##....
#......[#.#...
#.......#.#.###
+.......'.....###
#.......#.#.....#
#....####.#.#########
#... #.#.#...#...#
#.. #.#.....#.#### #.
#.#...W@#.#..# #
#.#.....#.#..##
#.#.#.....#...#
#.#######...#
#....g..W...+
#########...# ...+
g..# ...#


You could see a phantom.

Vanquished Creatures
  Ijyb (D:3)
  An adder (D:2)
  A worm (D:2)
  3 giant cockroaches
  2 goblins
  2 hobgoblins
  5 jackals
  3 kobolds
  4 bats
  A frilled lizard (D:2)
  A leopard gecko skeleton (D:4)
  2 rats (D:2)
26 creatures vanquished.

Notes
Turn   | Place    | Note
-------+----------+-------------------------------------------
     0 | D:1      | letownia3 the Demonspawn Wizard began the quest for the Orb.
     0 | D:1      | Reached XP level 1. HP: 13/13 MP: 4/4
   468 | D:1      | Gained mutation: You sometimes gain a little power by taking damage. [demonic ancestry]
   468 | D:1      | Reached XP level 2. HP: 18/19 MP: 6/6
   521 | D:2      | Found a bloodstained altar of Trog.
   728 | D:2      | Gained mutation: You are partially covered in iridescent scales. (AC +2) [demonic ancestry]
   728 | D:2      | Reached XP level 3. HP: 8/24 MP: 7/7
  1012 | D:2      | Learned a level 3 spell: Mephitic Cloud
  1016 | D:2      | Learned a level 3 spell: Conjure Flame
  1154 | D:4      | Noticed a phantom
  1191 | D:4      | HP: 1/24 [phantom (3)]
  1206 | D:4      | Noticed Ijyb
  1206 | D:4      | Noticed a hippogriff
  1487 | D:3      | Killed Ijyb
  1501 | D:4      | Slain by a phantom

Skill      XL: |  1  2 |
---------------+-------+-----
Conjurations   | 2 3 |  3.1
Fighting       | |  0.8
Dodging        | |  1.7
Stealth        | |  1.7
Spellcasting   | |  3.0
Summonings     | |  1.0
Translocations | |  0.8
Fire Magic     | |  0.6
Air Magic      | |  0.6
Poison Magic   | |  0.7

Action                   || total
-------------------------++-------
Melee: Short sword       ||    78
 Cast: Magic Dart        ||    24
       Mephitic Cloud    ||     1
 Stab: Sleeping          ||     3
       Confused          ||     2
  Eat: Chunk             ||     1
Armor: Robe              ||    16
Dodge: Dodged            ||    52
